AoeStats
← ynimral27

Black Forest

509486308Analyzed
4v4 RM · 6d ago on Sep 26, 2026· 38m 16s· 8 players
Game mode
Random Map
Map size
Large (8 player)
Population
200
Speed
Normal
Resources
Standard
Victory
Conquest
Starting age
Dark Age
Ending age
Imperial Age
RankedLock teamsTeams togetherTeam positionsShared explorationLock speedFull tech treeHidden civsTurbo modeCheats
Victory
Defeat
🇺🇾 Franks · Uruguay
1146
+14
🇲🇽 Malians · Mexico
1132
+14
🇨🇳 Danes · China
1122
+15
🇲🇽 Khmer · Mexico
1103
+15
🇪🇸 Bohemians · Spain
1129
-16
🇲🇽 Spanish · Mexico
1093
-15
🇪🇸 Britons · Spain
1092
-14
🇲🇽 Cumans · Mexico
1063
-13
Sonaron Disparos
10:17 Feudal Age
14:42 Castle Age
15:21 Double-Bit Axe
15:17 Horse Collar
16:11 Heavy Plow
20:41 Bloodlines
21:32 Gold Mining
22:24 Forging
23:57 Gold Shaft Mining
24:07 Scale Barding Armor
25:18 Iron Casting
24:43 Loom
25:01 Husbandry
25:59 Chain Barding Armor
30:19 Imperial Age
29:00 Stone Mining
30:47 Wheelbarrow
31:58 Bow Saw
32:19 Crop Rotation
33:43 Blast Furnace
33:53 Hand Cart
33:24 Town Watch
34:19 Coinage
34:59 Chemistry
35:17 Double Crossbow
35:41 Conscription
36:27 Plate Barding Armor
35:49 Cavalier
36:54 Town Patrol
37:34 Elite Ballista Elephant
Ragnar-Lothbrok
0:47 Loom
12:28 Feudal Age
16:35 Castle Age
14:52 Gold Mining
16:27 Forging
17:26 Double-Bit Axe
22:33 Iron Casting
22:54 Scale Mail Armor
26:52 Wheelbarrow
28:44 Chain Mail Armor
34:11 Imperial Age
35:33 Conscription
35:49 Plate Mail Armor
35:06 Capped Ram
36:29 Gold Shaft Mining
38:02 Elite Gbeto
365185124
0:57 Loom
13:48 Feudal Age
17:45 Castle Age
15:57 Horse Collar
16:10 Double-Bit Axe
16:40 Fishing Lines
21:40 Bow Saw
35:41 Gillnets
ynimral27
10:52 Feudal Age
12:35 Wheelbarrow
11:48 Double-Bit Axe
12:10 Fishing Lines
21:57 Castle Age
20:25 Gold Mining
22:52 Scale Barding Armor
22:57 Forging
22:44 Gillnets
23:25 Bow Saw
23:28 Husbandry
27:32 Chain Barding Armor
29:12 Iron Casting
35:57 Hand Cart
38:34 Imperial Age
38:05 Gold Shaft Mining
37:20 Stone Mining
37:47 Loom
37:47 Town Watch
Charlie 007
2:55 Loom
13:25 Feudal Age
17:39 Castle Age
16:21 Double-Bit Axe
26:25 Horse Collar
30:07 Fletching
31:11 Padded Archer Armor
31:24 Heavy Plow
32:03 Wheelbarrow
33:40 Leather Archer Armor
33:48 Hand Cart
33:33 Bodkin Arrow
33:51 Bow Saw
33:34 Gold Mining
37:32 Imperial Age
35:25 Elite Skirmisher
37:57 Scale Mail Armor
38:07 Forging
38:20 Ballistics
xXRedHoodXx
7:07 Loom
9:35 Feudal Age
17:37 Double-Bit Axe
22:01 Wheelbarrow
25:15 Castle Age
24:35 Horse Collar
25:50 Pikeman
28:59 Bow Saw
31:43 Scale Mail Armor
36:53 Imperial Age
34:40 Hand Cart
34:37 Town Watch
36:16 Chain Mail Armor
Alcatraz
0:28 Loom
14:05 Feudal Age
19:39 Castle Age
17:58 Stone Mining
18:39 Double-Bit Axe
19:11 Gold Mining
20:31 Wheelbarrow
20:03 Elite Skirmisher
24:13 Bow Saw
Cangrejo salvaje
0:39 Loom
14:42 Feudal Age
15:13 Man-at-Arms
28:18 Castle Age
Connection lost

Rejoining the realm…

Still unreachable

The connection could not be restored.

Session expired

The server has moved on; the page needs a fresh start.